AoeStats
← Moul_Thon

Arena

509926393Analyzed
2v2 RM · 5d ago on Sep 28, 2026· 33m 17s· 4 players
Game mode
Random Map
Map size
Medium (4 player)
Population
200
Speed
Normal
Resources
Standard
Victory
Conquest
Starting age
Dark Age
Ending age
Imperial Age
RankedLock teamsTeams togetherTeam positionsShared explorationLock speedFull tech treeHidden civsTurbo modeCheats
Victory
Defeat
🇲🇦 Celts · Morocco
1293
+14
🇱🇹 Portuguese · Lithuania
1250
+16
🇬🇵 Bohemians · Guadeloupe
1277
-16
🇺🇸 Celts · United States
1219
-14
Erranth
11:03 Feudal Age
15:06 Castle Age
13:31 Double-Bit Axe
14:31 Horse Collar
16:53 Bow Saw
21:47 Heavy Plow
23:51 Wheelbarrow
23:27 Crossbowman
24:06 Fletching
25:21 Hand Cart
25:22 Bodkin Arrow
26:47 Ballistics
27:12 Thumb Ring
31:14 Imperial Age
28:53 Gold Mining
30:08 Padded Archer Armor
33:15 Chemistry
31:56 Treadmill Crane
31:40 Arbalester
32:22 Bracer
32:37 Leather Archer Armor
Moul_Thon
11:45 Feudal Age
15:51 Castle Age
13:42 Double-Bit Axe
13:39 Horse Collar
14:08 Town Watch
16:25 Scale Mail Armor
21:38 Forging
25:35 Wheelbarrow
26:44 Chain Mail Armor
30:11 Loom
SULIMAN
9:47 Feudal Age
14:43 Castle Age
13:12 Double-Bit Axe
13:28 Horse Collar
15:55 Bow Saw
20:03 Wheelbarrow
25:55 Imperial Age
24:05 Fortified Wall
24:19 Ballistics
24:59 Heavy Plow
26:00 Forging
25:51 Scale Mail Armor
25:53 Fletching
26:03 Padded Archer Armor
27:09 Chemistry
26:16 Town Watch
26:47 Hand Cart
27:33 Iron Casting
28:18 Two-Man Saw
26:55 Pikeman
27:35 Squires
27:21 Arson
28:20 Elite Skirmisher
29:18 Bodkin Arrow
31:14 Elite Skirmisher
ppjohnn
11:54 Feudal Age
12:49 Double-Bit Axe
13:12 Horse Collar
17:45 Castle Age
19:34 Wheelbarrow
19:31 Bow Saw
Connection lost

Rejoining the realm…

Still unreachable

The connection could not be restored.

Session expired

The server has moved on; the page needs a fresh start.